 Dungeon Crawl Stone Soup version 0.27.0-1-g7a089689b8 (webtiles) character file.

Game seed: 15662684045239168088

179 sakkuzi the Chopper (level 5, -5/47 HPs)
             Began as a Hill Orc Fighter on Aug 14, 2021.
             Killed from afar by an orc wizard (8 damage)
             ... with a magic dart
             ... on level 4 of the Dungeon.
             The game lasted 00:04:49 (2787 turns).

sakkuzi the Chopper (Hill Orc Fighter)              Turns: 2787, Time: 00:04:50

Health: -5/47      AC: 11    Str: 20    XL:     5   Next: 59%
Magic:  5/5        EV:  6    Int:  8    God:
Gold:   156        SH:  4    Dex: 10    Spells: 4/4 levels left

rFire    . . .     SeeInvis .   a - +0 war axe {axe}
rCold    . . .     Faith    .   t - +0 buckler
rNeg     . . .     Spirit   .   e - +0 plate armour
rPois    .         Reflect  .   (no helmet)
rElec    .         Harm     .   (no cloak)
rCorr    .         Rampage  .   (no gloves)
Will     .....                  (no boots)
Stlth    ..........             (no amulet)
HPRegen  0.15/turn              (no ring)
MPRegen  0.09/turn              (no ring)

@: mighty, lethally poisoned (-5 -> -8)
A: no striking features
a: no special abilities


You were on level 4 of the Dungeon.
You visited 1 branch of the dungeon, and saw 4 of its levels.

You collected 156 gold pieces.


   Skills:
 + Level 4.6 Fighting
 * Level 5.2 Axes
 + Level 4.2 Armour
 - Level 4.0 Shields


You had 4 spell levels left.
You didn't know any spells.
Your spell library contained the following spells:

 Spells                   Type           Power      Damage    Failure   Level
 Beastly Appendage        Tmut           0%         N/A       100%        1
 Magic Dart               Conj           0%         1d3       100%        1
 Call Imp                 Summ           0%         N/A       100%        2
 Wereblood                Tmut           0%         N/A       100%        2
 Conjure Flame            Conj/Fire      0%         6-21      100%        3
 Ignite Poison            Fire/Tmut/Pois 0%         N/A       100%        3
 Mephitic Cloud           Conj/Pois/Air  0%         N/A       100%        3
 Spider Form              Tmut/Pois      0%         N/A       100%        3
 Sticky Flame             Conj/Fire      0%         2d3       100%        4

Inventory:

Hand Weapons
 a - a +0 war axe (weapon) {axe}
 h - a +2 dagger of protection {short}
   (You took it off a goblin on level 1 of the Dungeon)
Missiles
 j - 15 poisoned darts (quivered) {throwing}
 k - 63 stones {throwing}
 l - 57 arrows
 o - 14 sling bullets
 u - 29 bolts
Armour
 b - a +0 scale mail
 c - a +0 kite shield
 e - a +0 plate armour (worn)
   (You found it on level 1 of the Dungeon)
 t - a +0 buckler (worn)
   (You found it on level 3 of the Dungeon)
Wands
 s - a wand of acid (5)
   (You found it on level 3 of the Dungeon)
Scrolls
 f - 6 scrolls of identify {unknown}
 g - a scroll of noise {unknown}
 m - a scroll of immolation {unknown}
 n - a scroll of teleportation {unknown}
 p - a scroll of fog {unknown}
Potions
 i - a potion of heal wounds {unknown}
 q - a potion of degeneration {unknown}
 r - a potion of haste {unknown}

Dungeon Overview and Level Annotations

Branches:
Dungeon (4/15)
 Temple: D:4-7

Altars:
Ru
Trog

Annotations:
D:2 1 runed translucent door, Crazy Yiuf

.>......# #.#
#g......#
#.###.##.......#
...............# #.#
#...###### #.#
##o....... #.#
#o####### ####.####
#{# #.......# ##@## #
#.##.##.# ##...## .
#....##.###.....## .
#...###.##.......##
.###....##.#...>.....#
...........'.........+
#.##.......#.........#
#.###..##.###.......##
#.# #.###.# ##.....##


You could see 2 orcs and a goblin (wandering).


Message History

You hit the ball python but do no damage.
You block the ball python's attack. The ball python constricts you.
You closely miss the ball python.
The ball python bites you but does no damage.
The ball python constricts you. The ball python barely misses you.
The ball python constricts you. 😕 HP[-1]
You take 1 damage, and now have 44/47 hp.
You slash the ball python!
You kill the ball python! 😕 HP[+1]
You now have 156 gold pieces (gained 12).
You open the door.
Found a stone staircase leading up. 😎 HP[+2]
Your hp is fully restored (47).
Found a stone staircase leading down.
There is an open door here.
There is a stone staircase leading down here.
You open the door.
There is an open door here.
Found a stone staircase leading down.
A scorpion, an orc and an orc wizard come into view.
The orc wizard shouts!
The orc shouts!
You hear a shout!
An orc comes into view. It is wielding a +0 hand axe.
The orc shouts!
An orc comes into view. It is wielding a +0 short sword.
The orc wizard casts a spell at you. You resist with some effort.
The scorpion stings you. 😕 HP[-5]
You take 5 damage, and now have 42/47 hp.
The scorpion stings you but does no damage.
The orc wizard points at you and mumbles some strange words.
The magic dart hits you but does no damage.
The scorpion stings you. The scorpion stings you! 😮 HP[-10]
You take 10 damage, and now have 32/47 hp.
MASSIVE DAMAGE!! (PAUSE)
You barely miss the scorpion. The scorpion stings you.
You are poisoned.
The scorpion poisons you!
The scorpion barely misses you. 😮 HP[-2]
You take 2 damage, and now have 30/47 hp.
You feel very mighty all of a sudden.
You feel very sick.
The orc wizard gestures wildly while chanting.
The orc wizard flickers and vanishes!
Deactivating autopickup; reactivate with Ctrl-A.
The scorpion stings you but does no damage. 😮 HP[-3]
You take 3 damage, and now have 27/47 hp.
You closely miss the scorpion.
You feel very sick. The scorpion stings you.
* * * LOW HITPOINT WARNING * * *
You are lethally poisoned!
The scorpion poisons you! 😨 HP[-6]
You take 6 damage, and now have 21/47 hp.
You slash the scorpion!
* * * LOW HITPOINT WARNING * * *
You feel very sick.
The scorpion stings you but does no damage.
You block the scorpion's attack. 😨 HP[-6]
You take 6 damage, and now have 15/47 hp.
You slice the scorpion!!
You kill the scorpion!
* * * LOW HITPOINT WARNING * * *
You feel very sick.
Your Axes skill increases to level 5! 😱 HP[-4]
You take 4 damage, and now have 11/47 hp.
Sorry, you're not good enough to have a special ability.
* * * LOW HITPOINT WARNING * * *
You feel very sick.
There is an open door here. 😱 HP[-2]
You take 2 damage, and now have 9/47 hp.
You closely miss the orc.
* * * LOW HITPOINT WARNING * * *
You feel sick. You block the orc's attack. 😱 HP[-2]
You take 2 damage, and now have 7/47 hp.
You hit the orc.
* * * LOW HITPOINT WARNING * * *
You feel sick. The orc hits you but does no damage.
The orc completely misses you. 😱 HP[-2]
You take 2 damage, and now have 5/47 hp.
You slash the orc!
You kill the orc!
* * * LOW HITPOINT WARNING * * *
You feel sick.
A goblin comes into view. It is wielding a +0 club.
You hear some strange, mumbled words.
A magic dart appears from out of thin air!
The magic dart hits you!
You die...

Skill      XL: |  1  2  3  4  5 |
---------------+----------------+-----
Axes           | 3 4 5 |  5.2
Fighting       | 4 |  4.6
Armour         | 4 |  4.2
Shields        | 4 |  4.0

Action                   |  1- 3 |  4- 6 || total
-------------------------+-------+-------++-------
Melee: War axe           |    59 |    97 ||   156
  Use: Potion            |       |     1 ||     1
Armor: Plate armour      |    57 |    58 ||   115
Dodge: Dodged            |     3 |    13 ||    16
Block: Kite shield       |    39 |    39 ||    78
       Buckler           |       |     7 ||     7

Levels and vault maps discovered:
D:1:      minmay_arrival_five_plusses, layout_basic
D:2:      layout_loops_ring, amcnicky_mini_corridor_feature,
          minmay_heptomino_h4, uniq_crazy_yiuf_cottage
D:3:      cheibrodos_helix_gallery, layout_rooms, mainiacjoe_overflow_paths,
          tgw_trog, hangedman_decor_growths, minivault_14,
          kennysheep_generic_room_2
D:4:      layout_loops_corners, mainiacjoe_overflow_six_doors_small,
          nicolae_tso_besieged_by_evil

Notes
Turn   | Place    | Note
-------+----------+-------------------------------------------
     0 | D:1      | sakkuzi the Hill Orc Fighter began the quest for the Orb.
     0 | D:1      | Reached XP level 1. HP: 19/19 MP: 1/1
     0 | D:1      | magus.rc [v1.9.6]
   107 | D:1      | Reached skill level 3 in Axes
   189 | D:1      | Reached XP level 2. HP: 27/27 MP: 2/2
   373 | D:1      | You pick up a book of Changes and begin reading...
   373 | D:1      | You add the spells Beastly Appendage, Wereblood and Spider
                  | Form to your library.
   817 | D:2      | You add the spells Conjure Flame, Ignite Poison and Sticky
                  | Flame to your library.
  1014 | D:2      | Reached skill level 4 in Fighting
  1014 | D:2      | Reached XP level 3. HP: 31/33 MP: 3/3
  1022 | D:2      | HP: 6/33 [gnoll (3)]
  1307 | D:2      | Reached skill level 4 in Axes
  1307 | D:2      | Reached XP level 4. HP: 28/40 MP: 4/4
  1748 | D:2      | Found a runed translucent door.
  1749 | D:2      | Noticed Crazy Yiuf
  2067 | D:3      | Found a sacrificial altar of Ru.
  2129 | D:3      | Reached skill level 4 in Armour
  2411 | D:3      | You pick up a book of Minor Magic and begin reading...
  2411 | D:3      | You add the spells Magic Dart, Call Imp and Mephitic Cloud
                  | to your library.
  2443 | D:3      | Noticed a moth of wrath
  2446 | D:3      | Found a bloodstained altar of Trog.
  2456 | D:3      | Reached skill level 4 in Shields
  2457 | D:3      | Reached XP level 5. HP: 47/47 MP: 5/5
  2783 | D:4      | HP: 11/47 [poisoned by a scorpion]
  2784 | D:4      | Reached skill level 5 in Axes
  2786 | D:4      | HP: 5/47 [poisoned by a scorpion]
  2787 | D:4      | Killed from afar by an orc wizard

Vanquished Creatures
  A scorpion (D:4)
  3 gnolls (D:2)
  3 adders
  2 worms
  A dart slug (D:3)
  2 orcs
  4 endoplasms
  A giant cockroach (D:2)
  6 goblins
  4 hobgoblins
  8 kobolds
  2 quokkas
  3 ball pythons
  6 bats
  5 frilled lizards
  9 rats
60 creatures vanquished.

Table legend:
 A = Non-vault XP
 B = Vault XP
 C = Vault XP percentage of total XP
 D = Non-vault monster count
 E = Vault monster count
 F = Vault count percentage of total count
                 A         B        C        D         E       F
            +---------+---------+-------+---------+---------+-------
      Total |     240 |      19 |   7.3 |      49 |      11 |  18.3
            +---------+---------+-------+---------+---------+-------
        D:1 |      17 |       0 |   0.0 |      10 |       0 |   0.0
        D:2 |     100 |       4 |   3.8 |      23 |       3 |  11.5
        D:3 |      31 |      15 |  32.6 |      13 |       8 |  38.1
        D:4 |      92 |       0 |   0.0 |       3 |       0 |   0.0
            +---------+---------+-------+---------+---------+-------

Illustrated notes

Table legend:
 A = Kills in this place as a percentage of kills in entire the game.
 B = Kills by you in this place as a percentage of kills by you in the entire game.
 C = Kills by friends in this place as a percentage of kills by friends in the entire game.
 D = Other kills in this place as a percentage of other kills in the entire game.
 E = Experience gained in this place as a percentage of experience gained in the entire game.
 F = Experience gained in this place divided by the number of levels of this place that you have seen.
                   A       B       C       D       E      F
               +-------+-------+-------+-------+-------+----------------------
         Total | 100.0 | 100.0 |   N/A |   N/A | 100.0 |  64.8
       Dungeon | 100.0 | 100.0 |   N/A |   N/A | 100.0 |  64.8
               +-------+-------+-------+-------+-------+----------------------

Table legend: (Time is in decaauts)
 A = Elapsed time spent in this place.
 B = Non-inter-level travel time spent in this place.
 C = Inter-level travel time spent in this place.
 D = Time resting spent in this place.
 E = Time spent auto-exploring this place.
 F = Levels seen in this place.
 G = Mean time per level.
                   A        B        C        D        E       F      G
               +--------+--------+--------+--------+--------+-----+--------+
         Total |   2863 |   2776 |     87 |      0 |   2093 |   4 |  715.8 |
       Dungeon |   2863 |   2776 |     87 |      0 |   2093 |   4 |  715.8 |
               +--------+--------+--------+--------+--------+-----+--------+

Top non-repeatable levels by time:
     D:2: 1287 daAuts
     D:1: 772 daAuts
     D:3: 733 daAuts
     D:4: 69 daAuts
